 Dungeon Crawl Stone Soup version 0.27.1-1-g398f81649c (webtiles) character file.

Game seed: 13845686317925381041

24 Destapler the Skirmisher (level 2, -1/27 HPs)
             Began as a Minotaur Fighter on Sept 5, 2021.
             Was an Initiate of Qazlal.
             Slain by Sigmund (10 damage)
             ... on level 2 of the Dungeon.
             The game lasted 00:01:32 (888 turns).

Destapler the Skirmisher (Minotaur Fighter)          Turns: 888, Time: 00:01:33

Health: -1/27      AC:  6    Str: 20    XL:     2   Next: 79%
Magic:  1/1        EV:  7    Int:  5    God:    Qazlal [......]
Gold:   53         SH:  9    Dex:  9    Spells: 1/1 levels left

rFire    . . .     SeeInvis .   h - +4 dagger (elec)
rCold    . . .     Faith    .   c - +0 kite shield
rNeg     . . .     Spirit   .   b - +0 scale mail
rPois    .         Reflect  .   (helmet restricted)
rElec    .         Harm     .   (no cloak)
rCorr    .         Rampage  .   (no gloves)
Will     .....                  (no boots)
Stlth    ..........             (no amulet)
HPRegen  0.09/turn              (no ring)
MPRegen  0.07/turn              (no ring)

@: no status effects
A: horns 2, retaliatory headbutt
a: Renounce Religion


You were on level 2 of the Dungeon.
You worshipped Qazlal.
Qazlal was noncommittal.
You visited 1 branch of the dungeon, and saw 2 of its levels.

You collected 53 gold pieces.

Inventory:

Hand Weapons
 a - a +0 war axe
 h - a +4 dagger of electrocution (weapon)
Missiles
 f - 22 poisoned darts (quivered)
Armour
 b - a +0 scale mail (worn)
 c - a +0 kite shield (worn)
Scrolls
 e - a scroll of amnesia {unknown}
 g - a scroll of identify {unknown}
 i - a scroll of teleportation {unknown}
Potions
 d - a potion of might


   Skills:
 + Level 4.1 Fighting
 - Level 2.4 Axes
 + Level 1.2 Throwing
 - Level 3.6 Armour
 + Level 4.1 Shields


You had one spell level left.
You didn't know any spells.
Your spell library contained the following spells:

 Spells                   Type           Power      Damage    Failure   Level
 Beastly Appendage        Tmut           0%         N/A       99%         1
 Sandblast                Erth           0%         2d4       99%         1
 Passwall                 Tmut/Erth      0%         N/A       100%        2
 Wereblood                Tmut           0%         N/A       100%        2
 Spider Form              Tmut/Pois      0%         N/A       100%        3
 Lee's Rapid Deconstruct  Erth           0%         3d5*      100%        5


Dungeon Overview and Level Annotations

Branches:
Dungeon (2/15)

Altars:
Qazlal

Annotations:
D:2 Sigmund


Innate Abilities, Weirdness & Mutations

You have a pair of horns on your head.
You reflexively headbutt those who attack you in melee.


Message History

You hit the adder.
The adder is almost dead.
You feel sick. You block the adder's attack.
The adder bites you but does no damage.
An adder is nearby!
You barely miss the adder. Your headbutt misses the adder.
The adder is almost dead.
You feel sick. You block the adder's attack.
An adder is nearby!
You hit the adder. Lightning courses through the adder!
You kill the adder!
Qazlal accepts your kill.
You feel sick.
No target in view!
No target in view!
You feel sick.
You are no longer poisoned.
HP restored.
Sigmund the Dreaded comes into view.
He is wielding a +0 scythe of flaming.
Sigmund shouts!
Sigmund casts a spell.
Sigmund flickers and vanishes!
Deactivating autopickup; reactivate with Ctrl-A.
There is a strange disturbance nearby!
There is a strange disturbance nearby!
There is a strange disturbance nearby!
There is a strange disturbance nearby!
No target in view!
No target in view!
Found a yellow potion.
Something tries to affect you, but you resist.
You see here a yellow potion.
You see here a yellow potion.
Something hits you! Something burns you.
You barely miss something. Something hits you. Something burns you.
* * * LOW HITPOINT WARNING * * *
You closely miss something. You headbutt something!
Something hits you but does no damage.
You hit something. Lightning courses through something! Something hits you!
You die...

#.# ............. ##.... #.#
............ ...... #.#
#..#...........####.## #.#
#..................... #.#
#.....................
#.#####..#...........#....#.
#........#..##.......#.#. ..
###.####.#{.##....#..# # ...
###.####.#.@##........ ....
#............!........ +....
#.#.#....##.##.#.##....#
#####.#.........##.#.#......
#.......#...###.##.#.#......
#####....................#.#
. #.#.#..†##..##.#.#...#.#
#..
#.#.#...##..#..#.......###..
#.#.........................


There were no monsters in sight!

Vanquished Creatures
  An adder (D:2)
  2 ball pythons (D:1)
  A giant cockroach (D:1)
  A goblin (D:1)
  2 hobgoblins (D:1)
  A quokka (D:1)
  2 frilled lizards
  2 kobolds (D:1)
  4 rats
16 creatures vanquished.

Notes
Turn   | Place    | Note
-------+----------+-------------------------------------------
     0 | D:1      | Destapler the Minotaur Fighter began the quest for the Orb.
     0 | D:1      | Reached XP level 1. HP: 19/19 MP: 0/0
   335 | D:1      | Reached XP level 2. HP: 26/27 MP: 1/1
   536 | D:2      | Found a stormy altar of Qazlal.
   622 | D:2      | Found a faded altar of an unknown god.
   655 | D:2      | Became a worshipper of Qazlal Stormbringer
   700 | D:2      | Reached skill level 1 in Throwing
   872 | D:2      | Noticed Sigmund
   888 | D:2      | Slain by Sigmund

Illustrated notes

Levels and vault maps discovered:
D:1:      dpeg_arrival_pits, layout_rooms, minivault_26
D:2:      layout_basic, basic_altar, ebering_ecumenical_altar_mist, uniq_sigmund

Skill      XL: |  1  2 |
---------------+-------+-----
Shields        | 4 |  4.1
Fighting       | 4 |  4.1
Throwing       | 1 |  1.2
Axes           | |  2.4
Armour         | |  3.6

Action                   || total
-------------------------++-------
Melee: War axe           ||    26
       Headbutt          ||     7
       Dagger            ||    13
Armor: Scale mail        ||    19
Dodge: Dodged            ||     6
Block: Kite shield       ||    19
